 Dungeon Crawl Stone Soup version 0.27-a0-46-g34d46f0a3f (webtiles) character file.

Game seed: 10122914846409118350

43 Borgoz the Ruffian (level 3, -6/30 HPs)
             Began as a Ghoul Gladiator on Jan 6, 2021.
             Killed by divine providence
             ... invoked by an orc priest
              (17 damage)
             ... on level 1 of the Dungeon.
             The game lasted 00:01:51 (1278 turns).

Borgoz the Ruffian (Ghoul Gladiator)                Turns: 1278, Time: 00:01:51

Health: -6/30      AC: 11    Str: 17    XL:     3   Next: 58%
Magic:  2/2        EV:  5    Int:  3    God:
Gold:   51         SH:  3    Dex: 11    Spells: 2/2 levels left

rFire    . . .     SeeInvis .     - Unarmed
rCold    + . .     Faith    .   f - +0 buckler
rNeg     + + +     Spirit   .   j - +0 plate armour
rPois    ∞         Reflect  .   b - +0 helmet
rElec    .         Harm     .   (no cloak)
rCorr    .         Rampage  .   (no gloves)
Will     .....                  (no boots)
Stlth    ..........             (no amulet)
HPRegen  0.00/turn              (no ring)
MPRegen  0.08/turn              (no ring)

@: no status effects
A: claws 1, cold resistance 1, negative energy resistance 3, inhibited
regeneration, torment resistance, unbreathing
a: no special abilities


You were on level 1 of the Dungeon.
You visited 1 branch of the dungeon, and saw 2 of its levels.

You collected 51 gold pieces.

Inventory:

Missiles
 c - 3 throwing nets (quivered)
Armour
 b - a +0 helmet (worn)
 f - a +0 buckler (worn)
 j - a +0 plate armour (worn)
Scrolls
 d - a scroll of amnesia {unknown}
 e - a scroll of magic mapping {unknown}
 g - a scroll of teleportation {unknown}
 h - a scroll of identify {unknown}
 k - a scroll of blinking {unknown}
 m - a scroll of remove curse {unknown}
Potions
 a - a potion of invisibility {unknown}
 i - a potion of brilliance {unknown}
 l - a potion of haste {unknown}


   Skills:
 + Level 2.8 Fighting
 - Level 1.7 Throwing
 + Level 1.1 Armour
 + Level 3.0 Dodging
 + Level 0.5 Shields
 + Level 3.7 Unarmed Combat


You had 2 spell levels left.
You didn't know any spells.
Your spell library was empty.

Dungeon Overview and Level Annotations

Branches:
Dungeon (2/15)

Altars:


Innate Abilities, Weirdness & Mutations

You thrive by killing the living.
You are immune to poison.
You have sharp fingernails.
Your flesh is cold resistant. (rC+)
You are immune to negative energy. (rN+++)
You do not regenerate when monsters are visible.
You are immune to unholy pain and torment.
You can survive without breathing.


Message History

You closely miss the orc wizard.
The orc wizard is lightly wounded.
The orc wizard hits you but does no damage.
The orc priest hits you but does no damage.
The orc wizard gestures at you while chanting.
The puff of frost hits you. You resist.
The orc priest hits you but does no damage.
There is a stone staircase leading up here.
The orc wizard gestures at you while chanting.
The puff of frost hits you but does no damage.
You resist. The orc priest hits you with a +0 whip.
You climb upwards.
There is a stone staircase leading down here.
You scratch the orc priest but do no damage.
The orc priest closely misses you.
You scratch the orc priest but do no damage.
The orc priest invokes the aid of Beogh against you.
Beogh smites you!
Ouch! That really hurt!
You die...

#####'#########.# #...†...#
##'########## #### #.......#
#...........# #... #.......#
#...........# #... #.......#
#...........# #... #.......#
##'############... #.......#
#.................
#.......######[########.###....
#............÷@o...............
#.......######.########.#......
###+#+#......#.#......#.#..####
#.#.#.####.#.##.......#......
#.#.#......#.#........#.....#
#.#.#......#.#.#####..##..#.#
#.#.#......#.#.# #......#.#
#.#.....#..#.#.#####.####...#
#.#####.#..#.#.....#....#...#


You could see an orc priest.

Vanquished Creatures
  An adder (D:1)
  2 dart slugs (D:1)
  A leopard gecko (D:1)
  3 orcs (D:1)
  2 bats (D:1)
  3 giant cockroaches (D:1)
  A goblin (D:1)
  3 hobgoblins
  A ball python (D:1)
  3 kobolds
  6 rats (D:1)
26 creatures vanquished.

Notes
Turn   | Place    | Note
-------+----------+-------------------------------------------
     0 | D:1      | Borgoz the Ghoul Gladiator began the quest for the Orb.
     0 | D:1      | Reached XP level 1. HP: 17/17 MP: 0/0
   126 | D:1      | Reached XP level 2. HP: 23/25 MP: 1/1
   606 | D:1      | Reached XP level 3. HP: 30/30 MP: 2/2
   921 | D:2      | Reached skill level 1 in Armour
  1278 | D:1      | Killed from afar by an orc priest

Illustrated notes

Levels and vault maps discovered:
D:1:      saegor_arrival_simple_a, layout_basic
D:2:      cheibrodos_pilgrimage, layout_rooms, nicolae_overflow_hidden_temple,
          serial_curves, eino_curves_01, eino_curves_01, eino_curves_02,
          eino_curves_04

Skill      XL: |  1  2  3 |
---------------+----------+-----
Dodging        | 3 |  3.0
Armour         | 1 |  1.1
Fighting       | |  2.8
Throwing       | |  1.7
Shields        | |  0.5
Unarmed Combat | |  3.7

Action                   || total
-------------------------++-------
Melee: Unarmed           ||    90
       Punch             ||     2
Armor: Leather armour    ||     7
       Scale mail        ||     7
       Plate armour      ||    27
Dodge: Dodged            ||    44
Block: Buckler           ||    12

Table legend: (Time is in decaauts)
 A = Elapsed time spent in this place.
 B = Non-inter-level travel time spent in this place.
 C = Inter-level travel time spent in this place.
 D = Time resting spent in this place.
 E = Time spent auto-exploring this place.
 F = Levels seen in this place.
 G = Mean time per level.
                   A        B        C        D        E       F      G
               +--------+--------+--------+--------+--------+-----+--------+
         Total |   1278 |   1271 |      7 |    287 |    728 |   2 |  639.0 |
       Dungeon |   1278 |   1271 |      7 |    287 |    728 |   2 |  639.0 |
               +--------+--------+--------+--------+--------+-----+--------+

Top non-repeatable levels by time:
     D:1: 1215 daAuts
     D:2: 62 daAuts
